 Dungeon Crawl Stone Soup version 0.27.1-3-gb3d3a73c9e (webtiles) character file.

Game seed: 8757054211895211129

240 Urokeeper the Covert (level 6, -6/50 HPs)
             Began as a Gnoll Brigand on Oct 7, 2021.
             Killed by divine providence
             ... invoked by an orc priest
              (13 damage)
             ... on level 3 of the Dungeon.
             The game lasted 00:04:45 (2176 turns).

Urokeeper the Covert (Gnoll Brigand)                Turns: 2176, Time: 00:04:46

Health: -6/50      AC:  4    Str: 12    XL:     6   Next: 8%
Magic:  8/8        EV: 12    Int: 11    God:
Gold:   119        SH:  0    Dex: 13    Spells: 8/8 levels left

rFire    . . .     SeeInvis .   s - +0 scythe
rCold    . . .     Faith    .   (shield currently unavailable)
rNeg     . . .     Spirit   .   p - +0 leather armour
rPois    .         Reflect  .   (no helmet)
rElec    .         Harm     .   c - +0 cloak
rCorr    .         Rampage  .   (no gloves)
Will     .....                  (no boots)
Stlth    +++.......             (no amulet)
HPRegen  0.16/turn              (no ring)
MPRegen  0.11/turn              (no ring)

@: no status effects
A: fangs 1, strong nose, distributed training
a: no special abilities


You were on level 3 of the Dungeon.
You visited 1 branch of the dungeon, and saw 3 of its levels.

You collected 119 gold pieces.

Inventory:

Hand Weapons
 a - a +2 dagger
 k - a +0 short sword
 l - a +0 whip
 q - a +0 hunting sling
 s - a +0 scythe (weapon)
 t - a +3 dagger of pain
Missiles
 d - 17 poisoned darts
 e - 2 curare-tipped darts (quivered)
 i - 26 arrows
 j - 34 bolts
 m - 119 stones
 n - 7 javelins
Armour
 b - a +0 robe
 c - a +0 cloak (worn)
 p - a +0 leather armour (worn)
Scrolls
 f - a scroll of fog {unknown}
Potions
 g - a potion of curing {unknown}
 h - 2 potions of flight {unknown}
 o - a potion of haste {unknown}
 r - a potion of degeneration {unknown}


   Skills:
 + Level 4.9 Fighting
 + Level 4.9 Short Blades
 + Level 1.8 Long Blades
 + Level 1.8 Axes
 + Level 1.8 Maces & Flails
 + Level 1.8 Polearms
 + Level 1.8 Staves
 + Level 1.8 Slings
 + Level 1.8 Bows
 + Level 1.8 Crossbows
 + Level 4.9 Throwing
 + Level 1.8 Armour
 + Level 3.1 Dodging
 + Level 8.0 Stealth
 + Level 1.8 Shields
 + Level 1.8 Unarmed Combat
 + Level 1.8 Spellcasting
 + Level 1.4 Conjurations
 + Level 1.4 Hexes
 + Level 1.4 Summonings
 + Level 1.4 Necromancy
 + Level 1.4 Translocations
 + Level 1.4 Transmutations
 + Level 1.4 Fire Magic
 + Level 1.4 Ice Magic
 + Level 1.4 Air Magic
 + Level 1.4 Earth Magic
 + Level 1.4 Poison Magic
 + Level 2.0 Invocations
 + Level 1.8 Evocations


You had 8 spell levels left.
You didn't know any spells.
Your spell library contained the following spells:

 Spells                   Type           Power      Damage    Failure   Level
 Animate Skeleton         Necr           8%         N/A       22%         1
 Pain                     Necr           16%        1d4       22%         1
 Static Discharge         Conj/Air       4%         N/A       32%         2
 Vampiric Draining        Necr           2%         2d6       54%         3
 Lightning Bolt           Conj/Air       2%         1d13      99%         5
 Maxwell's Capacitive Co  Air            2%         ∞         100%        8


Dungeon Overview and Level Annotations

Branches:
Dungeon (3/15)

Altars:


Innate Abilities, Weirdness & Mutations

You have very sharp teeth.
Your uncanny sense of smell can sniff out nearby items.
Your experience applies equally to all skills.


Message History

You are too injured to fight recklessly!
You are too injured to fight recklessly!
You slash the goblin!
You kill the goblin!
You see here a +0 club.
Things that are here:
a +3 dagger of pain; a kobold corpse
t - a +3 dagger of pain You start resting.
HP restored.
Found 12 stones. 2 orcs come into view.
Found 11 arrows.
You reach to attack!
You slash the orc!
You kill the orc!
A worm, 2 orcs and an orc priest come into view.
Things that are here:
a +0 short sword; a +0 leather armour; an orc corpse You completely miss the orc priest.
The orc priest barely misses you. x2
You barely miss the orc priest.
The orc shouts! x3
The orc priest miscasts a cantrip.
The worm barely misses you. The orc priest closely misses you.
You closely miss the orc priest.
The orc priest hits you but does no damage.
The worm bites you. The orc hits you with a +0 club.
The orc priest calls down the wrath of Beogh upon you.
Beogh smites you!
You hit the orc priest.
The orc priest is moderately wounded.
The orc closely misses you.
The orc priest hits you with a +0 flail.
The worm bites you! The orc hits you with a +0 club.
The orc priest mumbles some strange prayers to Beogh against you.
Beogh smites you!
* * * LOW HITPOINT WARNING * * *
The worm closely misses you.
The orc priest mumbles some strange prayers to Beogh against you.
Beogh smites you!
You die...

.###.... .###... .....
....... ..... ..#########
....
..#.......########..##
..#.#####.#..........#
..#.....#.#..........#
..#...#.#.#......o(..##..
................@o.......
#.#.....#.#######).......
#.+.......# #wo......
###.....#### #o.......
#........# #........
#.....†..# #........
######)..# #.....(..
#...# #........ #...#
#........


You could see a worm, an orc priest and 3 orcs.

Vanquished Creatures
  Sigmund (D:2)
  An adder (D:2)
  A worm (D:2)
  A dart slug (D:1)
  An orc (D:3)
  5 ball pythons
  3 endoplasms
  4 giant cockroaches
  9 goblins
  5 hobgoblins (D:2)
  4 jackals (D:1)
  7 kobolds
  2 quokkas (D:1)
  5 bats
  6 frilled lizards
  4 rats (D:1)
59 creatures vanquished.

Notes
Turn   | Place    | Note
-------+----------+-------------------------------------------
     0 | D:1      | Urokeeper the Gnoll Brigand began the quest for the Orb.
     0 | D:1      | Reached XP level 1. HP: 20/20 MP: 1/1
   117 | D:1      | Reached XP level 2. HP: 26/26 MP: 2/2
   311 | D:1      | Reached XP level 3. HP: 22/31 MP: 3/3
   850 | D:2      | Found a faded altar of an unknown god.
   894 | D:2      | Reached skill level 1 in Invocations
   957 | D:2      | Reached skill level 1 in Long Blades
   957 | D:2      | Reached skill level 1 in Axes
   957 | D:2      | Reached skill level 1 in Maces & Flails
   957 | D:2      | Reached skill level 1 in Polearms
   957 | D:2      | Reached skill level 1 in Staves
   957 | D:2      | Reached skill level 1 in Slings
   957 | D:2      | Reached skill level 1 in Bows
   957 | D:2      | Reached skill level 1 in Crossbows
   957 | D:2      | Reached skill level 1 in Armour
   957 | D:2      | Reached skill level 1 in Shields
   957 | D:2      | Reached skill level 1 in Unarmed Combat
   957 | D:2      | Reached skill level 1 in Spellcasting
   957 | D:2      | Reached skill level 1 in Evocations
  1368 | D:2      | Reached XP level 4. HP: 38/38 MP: 5/5
  1559 | D:2      | Noticed Sigmund
  1570 | D:2      | Killed Sigmund
  1571 | D:2      | Reached skill level 8 in Stealth
  1571 | D:2      | Reached skill level 1 in Conjurations
  1571 | D:2      | Reached skill level 1 in Hexes
  1571 | D:2      | Reached skill level 1 in Summonings
  1571 | D:2      | Reached skill level 1 in Necromancy
  1571 | D:2      | Reached skill level 1 in Translocations
  1571 | D:2      | Reached skill level 1 in Transmutations
  1571 | D:2      | Reached skill level 1 in Fire Magic
  1571 | D:2      | Reached skill level 1 in Ice Magic
  1571 | D:2      | Reached skill level 1 in Air Magic
  1571 | D:2      | Reached skill level 1 in Earth Magic
  1571 | D:2      | Reached skill level 1 in Poison Magic
  1571 | D:2      | Reached XP level 5. HP: 24/43 MP: 5/7
  1571 | D:2      | Reached XP level 6. HP: 28/50 MP: 5/8
  2176 | D:3      | Killed from afar by an orc priest

Illustrated notes

Levels and vault maps discovered:
D:1:      lightli_arrival_lavapool, layout_rooms, roderic_malta_cross
D:2:      cheibrodos_greedy_goblins, layout_basic,
          hellmonk_ecumenical_altar_leap_of_faith, uniq_sigmund
D:3:      layout_basic

Skill      XL: |  1  2  3  4 |
---------------+-------------+-----
Invocations    | 1 2 |  2.0
Long Blades    | 1 |  1.8
Axes           | 1 |  1.8
Maces & Flails | 1 |  1.8
Polearms       | 1 |  1.8
Staves         | 1 |  1.8
Slings         | 1 |  1.8
Bows           | 1 |  1.8
Crossbows      | 1 |  1.8
Armour         | 1 |  1.8
Shields        | 1 |  1.8
Unarmed Combat | 1 |  1.8
Spellcasting   | 1 |  1.8
Evocations     | 1 |  1.8
Dodging        | 3 |  3.1
Stealth        | 8 |  8.0
Conjurations   | 1 |  1.4
Hexes          | 1 |  1.4
Summonings     | 1 |  1.4
Necromancy     | 1 |  1.4
Translocations | 1 |  1.4
Transmutations | 1 |  1.4
Fire Magic     | 1 |  1.4
Ice Magic      | 1 |  1.4
Air Magic      | 1 |  1.4
Earth Magic    | 1 |  1.4
Poison Magic   | 1 |  1.4
Fighting       | |  4.9
Short Blades   | |  4.9
Throwing       | |  4.9

Action                   |  1- 3 |  4- 6 || total
-------------------------+-------+-------++-------
Melee: Dagger            |   127 |    13 ||   140
       Bite              |    10 |     2 ||    12
       Punch             |     1 |       ||     1
       Scythe            |       |    28 ||    28
 Fire: Hunting sling     |       |    10 ||    10
Throw: Javelin           |     7 |       ||     7
       Dart              |     1 |     1 ||     2
 Stab: Sleeping          |    12 |     3 ||    15
Armor: Robe              |    25 |       ||    25
       Leather armour    |     2 |    12 ||    14
Dodge: Dodged            |    76 |    31 ||   107
